AAA
PORTSMOUTH ATLANTICS @ NEW YORK COMETS
08/29/2059
 
TOP OF THE 1ST
Portsmouth Atlantics batting - Pitching for New York Comets : RHP Clancy Buchanan
Pitching: RHP Clancy Buchanan
Batting: RHB Micheal Montoya 0-0: Ball
1-0: Swinging Strike
1-1: Swinging Strike
1-2: Strikes out swinging
Batting: LHB Samir Zogjani 0-0: Ball
1-0: Ball
2-0: Fly out, F8 (Flyball, 78M, EV 74.4 MPH)
Batting: RHB Derek Rosado 0-0: Ball
1-0: Ball
2-0: Called Strike
2-1: Swinging Strike
2-2: Ball
3-2: Ground out 4-3 (Groundball, 4, EV 100.6 MPH)
Top of the 1st over - 0 runs, 0 hits, 0 errors, 0 left on base; Portsmouth 0 - New York 0
BOTTOM OF THE 1ST
New York Comets batting - Pitching for Portsmouth Atlantics : RHP A.J. Zhovtun
Pitching: RHP A.J. Zhovtun
Batting: SHB Drake Stock 0-0: Foul Ball, location: 2F
0-1: Ball
1-1: Fly out, F2 (Popup, 25F, EV 88.1 MPH)
Batting: RHB William Adkins 0-0: Swinging Strike
0-1: Ground out 4-3 (Groundball, 4, EV 108.1 MPH)
Batting: LHB Devan Clark 0-0: Called Strike
0-1: Ball
1-1: Ball
2-1: Ball
3-1: Foul Ball, location: 2F
3-2: Strikes out looking
Bottom of the 1st over - 0 runs, 0 hits, 0 errors, 0 left on base; Portsmouth 0 - New York 0
TOP OF THE 2ND
Portsmouth Atlantics batting - Pitching for New York Comets : RHP Clancy Buchanan
Batting: SHB Semaj Ramirez 0-0: Foul Ball, location: 2F
0-1: SINGLE (Groundball, 5D, EV 97.5 MPH)
Batting: RHB Martin Moorman 0-0: Ball
1-0: Ball
2-0: SINGLE (Line Drive, 4M, EV 97.5 MPH)
Semaj Ramirez to second
Batting: SHB Henry Dunbar 0-0: Called Strike
0-1: Ball
1-1: Foul Ball, location: 2F
1-2: Ball
2-2: Fly out, F6 (Line Drive, 6, EV 66.9 MPH)
Batting: RHB Justen Brown 0-0: Called Strike
0-1: Foul Ball, location: 2F
0-2: Fielders Choice at 2nd, 5-4 (Groundball, 56, EV 90.6 MPH)
Semaj Ramirez to third
Batting: RHB Jericho Gurgenidze 0-0: Ground out U3 (Groundball, 3S, EV 68.8 MPH)
Top of the 2nd over - 0 runs, 2 hits, 0 errors, 2 left on base; Portsmouth 0 - New York 0
BOTTOM OF THE 2ND
New York Comets batting - Pitching for Portsmouth Atlantics : RHP A.J. Zhovtun
Batting: RHB Mason Douglass 0-0: Called Strike
0-1: Ball
1-1: Ball
2-1: Called Strike
2-2: Ground out 6-3 (Groundball, 56D, EV 85.0 MPH)
Batting: LHB Morgan Buga 0-0: Called Strike
0-1: Ground out 6-3 (Groundball, 6M, EV 104.4 MPH)
Batting: RHB Duane Evans 0-0: Called Strike
0-1: Ball
1-1: Swinging Strike
1-2: Ball
2-2: Strikes out looking
Bottom of the 2nd over - 0 runs, 0 hits, 0 errors, 0 left on base; Portsmouth 0 - New York 0
TOP OF THE 3RD
Portsmouth Atlantics batting - Pitching for New York Comets : RHP Clancy Buchanan
Batting: RHB Evan James 0-0: Ball
1-0: SINGLE (Flyball, 8LS, EV 97.5 MPH)
Batting: RHB Micheal Montoya 0-0: Ball
1-0: Swinging Strike
1-1: Swinging Strike
1-2: Foul Ball, location: 2F
1-2: Strikes out swinging
Batting: LHB Samir Zogjani 0-0: Ball
1-0: Called Strike
1-1: Swinging Strike
1-2: Strikes out looking
Batting: RHB Derek Rosado 0-0: Ball
1-0: Ball
2-0: Called Strike
2-1: Ball
3-1: Called Strike
3-2: Base on Balls
Evan James to second
Batting: SHB Semaj Ramirez 0-0: Called Strike
0-1: Ball
1-1: Foul Ball, location: 2F
1-2: SINGLE (Line Drive, 7LS, EV 93.8 MPH)
Evan James to third
Derek Rosado to second
Batting: RHB Martin Moorman 0-0: Ball
1-0: Foul Ball, location: 2F
1-1: Ball
2-1: Foul Ball, location: 2F
2-2: Foul Ball, location: 2F
2-2: Ball
3-2: Base on Balls
Evan James scores
Derek Rosado to third
Semaj Ramirez to second
Batting: SHB Henry Dunbar 0-0: Ball
1-0: Called Strike
1-1: Swinging Strike
1-2: Foul Ball, location: 2F
1-2: Ball
2-2: Fly out, F5 (Popup, 5SF, EV 70.0 MPH)
Top of the 3rd over - 1 run, 2 hits, 0 errors, 3 left on base; Portsmouth 1 - New York 0
BOTTOM OF THE 3RD
New York Comets batting - Pitching for Portsmouth Atlantics : RHP A.J. Zhovtun
Batting: RHB Josh Swann 0-0: Foul Ball, location: 2F
0-1: Swinging Strike
0-2: Ball
1-2: Ball
2-2: Foul Ball, location: 2F
2-2: Ground out 1-3 (Groundball, 15S, EV 70.0 MPH)
Batting: SHB Lindsay Einaudi 0-0: Ball
1-0: Ball
2-0: Ball
3-0: Fly out, F8 (Line Drive, 8RS, EV 86.2 MPH)
Batting: RHB Lucas Elizalde 0-0: Foul Ball, location: 2F
0-1: Ball
1-1: Foul Ball, location: 2F
1-2: Fly out, F9 (Flyball, 9D, EV 109.4 MPH)
Bottom of the 3rd over - 0 runs, 0 hits, 0 errors, 0 left on base; Portsmouth 1 - New York 0
TOP OF THE 4TH
Portsmouth Atlantics batting - Pitching for New York Comets : RHP Clancy Buchanan
Batting: RHB Justen Brown 0-0: Called Strike
0-1: Ball
1-1: SINGLE (Groundball, 6MD, EV 94.4 MPH)
Batting: RHB Jericho Gurgenidze 0-0: Foul Ball, location: 2F
0-1: Ball
1-1: Foul Ball, location: 2F
1-2: Ball
2-2: Grounds into double play, 6-4-3 (Groundball, 6, EV 101.2 MPH)
Batting: RHB Evan James 0-0: Ball
1-0: Foul Ball, location: 2F
1-1: Foul Ball, location: 2F
1-2: Foul Ball, location: 2F
1-2: Ball
2-2: Strikes out swinging
Top of the 4th over - 0 runs, 1 hit, 0 errors, 0 left on base; Portsmouth 1 - New York 0
BOTTOM OF THE 4TH
New York Comets batting - Pitching for Portsmouth Atlantics : RHP A.J. Zhovtun
Batting: SHB Drake Stock 0-0: Called Strike
0-1: Ball
1-1: Foul Ball, location: 2F
1-2: Foul Ball, location: 2F
1-2: Ball
2-2: SINGLE (Groundball, 34D, EV 98.1 MPH)
Batting: RHB William Adkins 0-0: Ball
1-0: Foul Ball, location: 2F
1-1: Swinging Strike
1-2: Strikes out swinging
Batting: LHB Devan Clark 0-0: Ball
1-0: 2-RUN HOME RUN (Flyball, 8LXD, EV 111.2 MPH), Distance : 439 ft
Batting: RHB Mason Douglass 0-0: SINGLE (Groundball, 6D, EV 105.0 MPH)
Batting: LHB Morgan Buga 0-0: Fly out, F7 (Flyball, 7, EV 81.9 MPH)
Batting: RHB Duane Evans 0-0: Ball
1-0: Ground out U3 (Groundball, 34, EV 88.8 MPH)
Bottom of the 4th over - 2 runs, 3 hits, 0 errors, 1 left on base; Portsmouth 1 - New York 2
TOP OF THE 5TH
Portsmouth Atlantics batting - Pitching for New York Comets : RHP Clancy Buchanan
Batting: RHB Micheal Montoya 0-0: Swinging Strike
0-1: Ground out 6-3 (Groundball, 6, EV 91.2 MPH)
Batting: LHB Samir Zogjani 0-0: Ball
1-0: Swinging Strike
1-1: SINGLE (Line Drive, 6D, EV 100.0 MPH)
Batting: RHB Derek Rosado 0-0: Called Strike
0-1: Called Strike
0-2: Ball
Samir Zogjani steals 2nd base
1-2: Ball
2-2: Strikes out swinging
Batting: SHB Semaj Ramirez 0-0: Ball
1-0: Swinging Strike
1-1: Ball
2-1: Foul Ball, location: 2F
2-2: Ball
3-2: SINGLE (Line Drive, 56D, EV 94.4 MPH)
Samir Zogjani to third
Runner from 3rd tries for Home, SAFE, throw by LF to home
Batting: RHB Martin Moorman 0-0: Fielders Choice at 2nd, 5-4 (Groundball, 5L, EV 87.5 MPH)
Top of the 5th over - 1 run, 2 hits, 0 errors, 1 left on base; Portsmouth 2 - New York 2
BOTTOM OF THE 5TH
New York Comets batting - Pitching for Portsmouth Atlantics : RHP A.J. Zhovtun
Batting: RHB Josh Swann 0-0: Ball
1-0: Ball
2-0: Called Strike
2-1: Called Strike
2-2: Ground out 6-3 (Groundball, 6, EV 84.4 MPH)
Batting: SHB Lindsay Einaudi 0-0: Ball
1-0: Called Strike
1-1: SINGLE (Groundball, 6D, EV 107.5 MPH)
Batting: RHB Lucas Elizalde 0-0: Ball
1-0: Fly out, F9 (Flyball, 89M, EV 89.4 MPH)
Pitching: RHP Adair Lunsford
Batting: SHB Drake Stock 0-0: Ball
1-0: Foul Ball, location: 2F
1-1: SINGLE (Groundball, 56D, EV 97.5 MPH)
Lindsay Einaudi to second
Batting: RHB William Adkins 0-0: Called Strike
0-1: Called Strike
0-2: Ball
1-2: Strikes out swinging
Bottom of the 5th over - 0 runs, 2 hits, 0 errors, 2 left on base; Portsmouth 2 - New York 2
TOP OF THE 6TH
Portsmouth Atlantics batting - Pitching for New York Comets : RHP Clancy Buchanan
Batting: SHB Henry Dunbar 0-0: Called Strike
0-1: Ball
1-1: Ball
2-1: Called Strike
2-2: Foul Ball, location: 2F
2-2: Fly out, F9 (Line Drive, 9, EV 85.6 MPH)
Pitching: RHP Rylan Becker
Batting: RHB Justen Brown 0-0: DOUBLE (Line Drive, 78D, EV 96.9 MPH)
Batting: RHB Jericho Gurgenidze 0-0: SINGLE (Line Drive, 4M, EV 106.9 MPH)
Justen Brown to third
Batting: RHB Evan James 0-0: Foul Ball, location: 2F
0-1: Ball
1-1: Foul Ball, location: 2F
1-2: Strikes out swinging
Batting: RHB Micheal Montoya 0-0: Ball
1-0: Swinging Strike
1-1: Foul Ball, location: 2F
1-2: Foul Ball, location: 2F
1-2: Foul Ball, location: 2F
1-2: Ground out 1-3 (Groundball, 15, EV 76.2 MPH)
Top of the 6th over - 0 runs, 2 hits, 0 errors, 2 left on base; Portsmouth 2 - New York 2
BOTTOM OF THE 6TH
New York Comets batting - Pitching for Portsmouth Atlantics : RHP Adair Lunsford
Batting: LHB Devan Clark 0-0: Ball
1-0: Fly out, F7 (Flyball, 7LM, EV 85.0 MPH)
Batting: RHB Mason Douglass 0-0: Swinging Strike
0-1: Swinging Strike
0-2: Ball
1-2: Ball
2-2: Foul Ball, location: 2F
2-2: Ball
3-2: Strikes out swinging
Batting: LHB Morgan Buga 0-0: Ball
1-0: Called Strike
1-1: Ball
2-1: Swinging Strike
2-2: Strikes out looking
Bottom of the 6th over - 0 runs, 0 hits, 0 errors, 0 left on base; Portsmouth 2 - New York 2
TOP OF THE 7TH
Portsmouth Atlantics batting - Pitching for New York Comets : RHP Rylan Becker
Batting: LHB Samir Zogjani 0-0: Called Strike
0-1: Ball
1-1: SINGLE (Flyball, 4D, EV 93.1 MPH)
Batting: RHB Derek Rosado 0-0: Ball
1-0: Ball
2-0: Fielders Choice at 2nd, 6-4 (Groundball, 6M, EV 87.5 MPH)
Batting: SHB Semaj Ramirez 0-0: Ball
1-0: SINGLE (Line Drive, 4D, EV 105.6 MPH)
Derek Rosado to second
Batting: RHB Martin Moorman 0-0: Swinging Strike
0-1: Ball
1-1: Ball
2-1: Ball
3-1: Single, Error in OF, E8, batter to second base (Groundball, 4M, EV 101.9 MPH)
Derek Rosado scores
Semaj Ramirez to third
Batting: SHB Henry Dunbar 0-0: Called Strike
0-1: Called Strike
0-2: Ball
1-2: Ball
2-2: Strikes out swinging
Batting: RHB Justen Brown 0-0: Called Strike
0-1: Ball
1-1: Called Strike
1-2: SINGLE (Groundball, 56S, EV 64.4 MPH) (infield hit)
Semaj Ramirez scores
Martin Moorman to third
Pitching: LHP Reuben Yoshida
Batting: RHB Jericho Gurgenidze 0-0: Ball
1-0: Ball
2-0: Called Strike
2-1: Foul Ball, location: 2F
2-2: Ball
3-2: Foul Ball, location: 2F
3-2: Strikes out swinging
Top of the 7th over - 2 runs, 4 hits, 1 error, 2 left on base; Portsmouth 4 - New York 2
BOTTOM OF THE 7TH
New York Comets batting - Pitching for Portsmouth Atlantics : RHP Adair Lunsford
Batting: RHB Duane Evans 0-0: Called Strike
0-1: Called Strike
0-2: Foul Ball, location: 2F
0-2: Ball
1-2: Strikes out swinging
Batting: RHB Josh Swann 0-0: Ball
1-0: Ball
2-0: Called Strike
2-1: Called Strike
2-2: Ball
3-2: Foul Ball, location: 2F
3-2: Strikes out swinging
Batting: SHB Lindsay Einaudi 0-0: Ball
1-0: Foul Ball, location: 2F
1-1: Swinging Strike
1-2: Ball
2-2: Foul Ball, location: 2F
2-2: Ball
3-2: Foul Ball, location: 2F
3-2: Strikes out swinging
Bottom of the 7th over - 0 runs, 0 hits, 0 errors, 0 left on base; Portsmouth 4 - New York 2
TOP OF THE 8TH
Portsmouth Atlantics batting - Pitching for New York Comets : LHP Reuben Yoshida
Batting: RHB Evan James 0-0: Swinging Strike
0-1: Swinging Strike
0-2: Ball
1-2: Foul Ball, location: 2F
1-2: Foul Ball, location: 2F
1-2: Ball
2-2: DOUBLE (Line Drive, 9LS, EV 105.6 MPH) - OUT at third base trying to stretch hit.
Batting: RHB Micheal Montoya 0-0: Foul Ball, location: 2F
0-1: Ball
1-1: Called Strike
1-2: Foul Ball, location: 2F
1-2: Ball
2-2: Foul Ball, location: 2F
2-2: Fly out, F6 (Popup, 6MS, EV 61.2 MPH)
Batting: LHB Samir Zogjani 0-0: Ball
1-0: Called Strike
1-1: SINGLE (Groundball, 5S, EV 68.1 MPH) (infield hit)
Batting: RHB Derek Rosado 0-0: Called Strike
0-1: Ball
1-1: Foul Ball, location: 2F
1-2: Foul Ball, location: 2F
1-2: Strikes out swinging
Top of the 8th over - 0 runs, 2 hits, 0 errors, 1 left on base; Portsmouth 4 - New York 2
BOTTOM OF THE 8TH
New York Comets batting - Pitching for Portsmouth Atlantics : RHP Adair Lunsford
Pitching: RHP Turk Zander
Batting: RHB Lucas Elizalde 0-0: Ball
1-0: Ball
2-0: Ball
3-0: Called Strike
3-1: Swinging Strike
3-2: Foul Ball, location: 2F
3-2: Ground out 6-3 (Groundball, 6S, EV 89.4 MPH)
Batting: SHB Drake Stock 0-0: SINGLE (Groundball, 25, EV 65.6 MPH) (infield hit)
Batting: RHB William Adkins 0-0: 2-RUN HOME RUN (Flyball, 78XD, EV 101.9 MPH), Distance : 404 ft
Batting: LHB Devan Clark 0-0: Called Strike
0-1: Foul Ball, location: 2F
0-2: Foul Ball, location: 2F
0-2: Strikes out looking
Batting: RHB Mason Douglass 0-0: Ball
1-0: Ball
2-0: Called Strike
2-1: Foul Ball, location: 2F
2-2: Foul Ball, location: 2F
2-2: Foul Ball, location: 2F
2-2: Foul Ball, location: 2F
2-2: Strikes out swinging
Bottom of the 8th over - 2 runs, 2 hits, 0 errors, 0 left on base; Portsmouth 4 - New York 4
TOP OF THE 9TH
Portsmouth Atlantics batting - Pitching for New York Comets : LHP Reuben Yoshida
Batting: SHB Semaj Ramirez 0-0: Foul Ball, location: 2F
0-1: Foul Ball, location: 2F
0-2: Ball
1-2: Ball
2-2: Strikes out swinging
Batting: RHB Martin Moorman 0-0: Swinging Strike
0-1: Swinging Strike
0-2: Strikes out swinging
Batting: SHB Henry Dunbar 0-0: Foul Ball, location: 2F
0-1: DOUBLE (Line Drive, 7LD, EV 104.4 MPH)
Pitching: RHP Blake Mitchell
Batting: RHB Justen Brown 0-0: Called Strike
0-1: Ball
1-1: SINGLE (Line Drive, 78S, EV 106.2 MPH)
Henry Dunbar to third
Batting: RHB Jericho Gurgenidze 0-0: Ball
1-0: Called Strike
1-1: Ball
2-1: Ball
3-1: Foul Ball, location: 2F
3-2: Strikes out swinging
Top of the 9th over - 0 runs, 2 hits, 0 errors, 2 left on base; Portsmouth 4 - New York 4
BOTTOM OF THE 9TH
New York Comets batting - Pitching for Portsmouth Atlantics : RHP Turk Zander
Pitching: RHP Gavin Lankford
Batting: LHB Morgan Buga 0-0: Swinging Strike
0-1: Ball
1-1: Called Strike
1-2: Ball
2-2: Ball
3-2: Strikes out swinging
Batting: RHB Duane Evans 0-0: Ball
1-0: Foul Ball, location: 2F
1-1: Ground out 6-3 (Groundball, 6, EV 101.9 MPH)
Batting: RHB Josh Swann 0-0: Ground out 5-3 (Groundball, 56, EV 81.2 MPH)
Bottom of the 9th over - 0 runs, 0 hits, 0 errors, 0 left on base; Portsmouth 4 - New York 4
TOP OF THE 10TH
Portsmouth Atlantics batting - Pitching for New York Comets : RHP Blake Mitchell
Pinch Hitting: RHB Chance Stuckey 0-0: Ball
1-0: Ball
2-0: SINGLE (Groundball, 34D, EV 105.6 MPH)
Batting: RHB Micheal Montoya 0-0: Ball
Chance Stuckey steals 2nd base
1-0: Called Strike
1-1: Ball
2-1: Foul Ball, location: 2F
2-2: Foul Ball, location: 2F
2-2: Foul Ball, location: 2F
2-2: Foul Ball, location: 2F
2-2: DOUBLE (Line Drive, 78D, EV 101.9 MPH)
Chance Stuckey scores
Pitching: RHP Jay Hastings
Batting: LHB Samir Zogjani 0-0: Ball
1-0: Ground out U3 (Groundball, 3, EV 80.0 MPH)
Micheal Montoya to third
Batting: RHB Derek Rosado 0-0: Ball
1-0: Fly out, F9 (Flyball, 9S, EV 95.0 MPH)
Batting: SHB Semaj Ramirez 0-0: Called Strike
0-1: Swinging Strike
0-2: Ball
1-2: Ball
2-2: Ground out 6-3 (Groundball, 6, EV 78.1 MPH)
Top of the 10th over - 1 run, 2 hits, 0 errors, 1 left on base; Portsmouth 5 - New York 4
BOTTOM OF THE 10TH
New York Comets batting - Pitching for Portsmouth Atlantics : RHP Gavin Lankford
Now at C: Tyson Buoni
Now in LF: Chance Stuckey
Batting: SHB Lindsay Einaudi 0-0: Ball
1-0: Called Strike
1-1: Ball
2-1: SINGLE (Groundball, 5D, EV 99.4 MPH)
Pinch Hitting: LHB Dalton Pappalardo 0-0: Bunted foul
0-1: Sac Bunt to 23 - play at first, batter OUT! 3-4
Lindsay Einaudi to second
Batting: SHB Drake Stock 0-0: Foul Ball, location: 2F
0-1: Foul Ball, location: 2F
0-2: Ball
1-2: Foul Ball, location: 2F
1-2: Ground out 4-3 (Groundball, 4, EV 80.0 MPH)
Lindsay Einaudi to third
Batting: RHB William Adkins 0-0: Foul Ball, location: 2F
0-1: Fly out, F8 (Flyball, 78M, EV 90.0 MPH)
Bottom of the 10th over - 0 runs, 1 hit, 0 errors, 1 left on base; Portsmouth 5 - New York 4
Wednesday, March 27th , 2024 - OOTP Baseball 23.10 Build 110